TOP OF THE 1ST |
West Virginia Power batting - Pitching for BlackIron Dragons : LHP Ricardo Vega
|
Pitching: LHP Ricardo Vega
|
|
Batting: LHB Júlio Martínez
|
0-0: Foul Ball, location: 2F 0-1: Called Strike 0-2: Ball 1-2: Strikes out swinging
|
Batting: RHB Brett Bell
|
0-0: Ground out 4-3 (Groundball, 4)
|
Batting: RHB Dave McGrath
|
0-0: Swinging Strike 0-1: Fly out, F7 (Flyball, 78D)
|
Top of the 1st over - 0 run(s), 0 hit(s), 0 error(s), 0 left on base; West Virginia 0 - BlackIron 0 |
BOTTOM OF THE 1ST |
BlackIron Dragons batting - Pitching for West Virginia Power : LHP Ricardo Guichardo
|
Pitching: LHP Ricardo Guichardo
|
|
Batting: SHB José Estreito
|
0-0: Ball 1-0: Foul Ball, location: 2F 1-1: Fly out, F9 (Flyball, 9)
|
Batting: LHB Culley Vaughan
|
0-0: Ball 1-0: Foul Ball, location: 2F 1-1: Ball 2-1: Swinging Strike 2-2: Strikes out looking
|
Batting: RHB Doug O'Brien
|
0-0: Called Strike 0-1: Foul Ball, location: 2F 0-2: Ball 1-2: Strikes out swinging
|
Bottom of the 1st over - 0 run(s), 0 hit(s), 0 error(s), 0 left on base; West Virginia 0 - BlackIron 0 |
TOP OF THE 2ND |
West Virginia Power batting - Pitching for BlackIron Dragons : LHP Ricardo Vega
|
Batting: RHB Tony Parker
|
0-0: Ground out 4-3 (Groundball, 4)
|
Batting: LHB Héctor Soto
|
0-0: Fly out, F9 (Flyball, 9LMF)
|
Batting: RHB Aaron Murray
|
0-0: Ball 1-0: Ball 2-0: Ball 3-0: Called Strike 3-1: Ground out 5-3 (Groundball, 56)
|
Top of the 2nd over - 0 run(s), 0 hit(s), 0 error(s), 0 left on base; West Virginia 0 - BlackIron 0 |
BOTTOM OF THE 2ND |
BlackIron Dragons batting - Pitching for West Virginia Power : LHP Ricardo Guichardo
|
Batting: RHB Felipe Jareño
|
0-0: Ball 1-0: SINGLE (Line Drive, 4M)
|
Batting: LHB Mike Davis
|
0-0: Ball 1-0: Foul Ball, location: 2F 1-1: Ball 2-1: Ball 3-1: Called Strike 3-2: Base on Balls Felipe Jareño to second
|
Batting: LHB Manuel Cardenas
|
0-0: Fly out, F8 (Flyball, 8LM)
|
Batting: SHB Júlio Macías
|
0-0: Ball 1-0: Swinging Strike 1-1: Foul Ball, location: 2F 1-2: Ball 2-2: Strikes out swinging
|
Batting: RHB Eugene Payne
|
0-0: Swinging Strike 0-1: Ball 1-1: Foul Ball, location: 2F 1-2: Strikes out swinging
|
Bottom of the 2nd over - 0 run(s), 1 hit(s), 0 error(s), 2 left on base; West Virginia 0 - BlackIron 0 |
TOP OF THE 3RD |
West Virginia Power batting - Pitching for BlackIron Dragons : LHP Ricardo Vega
|
Batting: RHB Jesse McKnight
|
0-0: Ball 1-0: Ball 2-0: Called Strike 2-1: Foul Ball, location: 2F 2-2: Foul Ball, location: 2F 2-2: Ball 3-2: Ground out 5-3 (Groundball, 56)
|
Batting: SHB Waylon Adams
|
0-0: SINGLE (Flyball, 34D)
|
Batting: SHB Clint Woods
|
0-0: Called Strike 0-1: Called Strike 0-2: Ball 1-2: Strikes out looking
|
Batting: LHB Júlio Martínez
|
0-0: Called Strike 0-1: Ball 1-1: DOUBLE (Line Drive, 9LM) Waylon Adams to third
|
Batting: RHB Brett Bell
|
0-0: Foul Ball, location: 2F 0-1: Swinging Strike 0-2: Fly out, F7 (Flyball, 7LS)
|
Top of the 3rd over - 0 run(s), 2 hit(s), 0 error(s), 2 left on base; West Virginia 0 - BlackIron 0 |
BOTTOM OF THE 3RD |
BlackIron Dragons batting - Pitching for West Virginia Power : LHP Ricardo Guichardo
|
Batting: RHB Ramón Rodríguez
|
0-0: Ball 1-0: Ball 2-0: Ground out 4-3 (Groundball, 4)
|
Batting: SHB José Estreito
|
0-0: Called Strike 0-1: Foul Ball, location: 2F 0-2: Ball 1-2: Foul Ball, location: 2F 1-2: Ball 2-2: Foul Ball, location: 2F 2-2: Ground out 5-3 (Groundball, 5)
|
Batting: LHB Culley Vaughan
|
0-0: Called Strike 0-1: Ball 1-1: Fly out, F8 (Flyball, 8RXD)
|
Bottom of the 3rd over - 0 run(s), 0 hit(s), 0 error(s), 0 left on base; West Virginia 0 - BlackIron 0 |
TOP OF THE 4TH |
West Virginia Power batting - Pitching for BlackIron Dragons : LHP Ricardo Vega
|
Batting: RHB Dave McGrath
|
0-0: Called Strike 0-1: Ball 1-1: Ground out 4-3 (Groundball, 4)
|
Batting: RHB Tony Parker
|
0-0: Swinging Strike 0-1: Foul Ball, location: 2F 0-2: Strikes out swinging
|
Batting: LHB Héctor Soto
|
0-0: Ball 1-0: Foul Ball, location: 2F 1-1: Ball 2-1: Called Strike 2-2: Ground out 3-1 (Groundball, 34)
|
Top of the 4th over - 0 run(s), 0 hit(s), 0 error(s), 0 left on base; West Virginia 0 - BlackIron 0 |
BOTTOM OF THE 4TH |
BlackIron Dragons batting - Pitching for West Virginia Power : LHP Ricardo Guichardo
|
Batting: RHB Doug O'Brien
|
0-0: Called Strike 0-1: Ball 1-1: Called Strike 1-2: Strikes out swinging
|
Batting: RHB Felipe Jareño
|
0-0: Called Strike 0-1: Ball 1-1: Fly out, F9 (Flyball, 9LM)
|
Batting: LHB Mike Davis
|
0-0: Foul Ball, location: 2F 0-1: Foul Ball, location: 2F 0-2: Fly out, F8 (Flyball, 78M)
|
Bottom of the 4th over - 0 run(s), 0 hit(s), 0 error(s), 0 left on base; West Virginia 0 - BlackIron 0 |
TOP OF THE 5TH |
West Virginia Power batting - Pitching for BlackIron Dragons : LHP Ricardo Vega
|
Batting: RHB Aaron Murray
|
0-0: Called Strike 0-1: Ball 1-1: Foul Ball, location: 2F 1-2: Strikes out swinging
|
Batting: RHB Jesse McKnight
|
0-0: Called Strike 0-1: Fly out, F9 (Flyball, 9LDF)
|
Batting: SHB Waylon Adams
|
0-0: Swinging Strike 0-1: Swinging Strike 0-2: Strikes out looking
|
Top of the 5th over - 0 run(s), 0 hit(s), 0 error(s), 0 left on base; West Virginia 0 - BlackIron 0 |
BOTTOM OF THE 5TH |
BlackIron Dragons batting - Pitching for West Virginia Power : LHP Ricardo Guichardo
|
Batting: LHB Manuel Cardenas
|
0-0: Called Strike 0-1: Fly out, F7 (Line Drive, 7)
|
Batting: SHB Júlio Macías
|
0-0: Ball 1-0: Foul Ball, location: 2F 1-1: Foul Ball, location: 2F 1-2: Ball 2-2: Foul Ball, location: 2F 2-2: Strikes out looking
|
Batting: RHB Eugene Payne
|
0-0: Ground out 6-3 (Groundball, 6)
|
Bottom of the 5th over - 0 run(s), 0 hit(s), 0 error(s), 0 left on base; West Virginia 0 - BlackIron 0 |
TOP OF THE 6TH |
West Virginia Power batting - Pitching for BlackIron Dragons : LHP Ricardo Vega
|
Batting: SHB Clint Woods
|
0-0: Ball 1-0: Ball 2-0: Called Strike 2-1: Foul Ball, location: 2F 2-2: Ball 3-2: Ground out 6-3 (Groundball, 56)
|
Batting: LHB Júlio Martínez
|
0-0: Fly out, F7 (Flyball, 78M)
|
Batting: RHB Brett Bell
|
0-0: Ground out 5-3 (Groundball, 56)
|
Top of the 6th over - 0 run(s), 0 hit(s), 0 error(s), 0 left on base; West Virginia 0 - BlackIron 0 |
BOTTOM OF THE 6TH |
BlackIron Dragons batting - Pitching for West Virginia Power : LHP Ricardo Guichardo
|
Batting: RHB Ramón Rodríguez
|
0-0: Called Strike 0-1: Foul Ball, location: 2F 0-2: Ball 1-2: Ground out 6-3 (Groundball, 6)
|
Batting: SHB José Estreito
|
0-0: Called Strike 0-1: Called Strike 0-2: Fly out, F9 (Flyball, 9LSF)
|
Batting: LHB Culley Vaughan
|
0-0: Called Strike 0-1: Foul Ball, location: 2F 0-2: Strikes out swinging
|
Bottom of the 6th over - 0 run(s), 0 hit(s), 0 error(s), 0 left on base; West Virginia 0 - BlackIron 0 |
TOP OF THE 7TH |
West Virginia Power batting - Pitching for BlackIron Dragons : LHP Ricardo Vega
|
Pinch Hitting: RHB Roberto Tobías
|
0-0: Ball 1-0: Swinging Strike 1-1: Ball 2-1: Called Strike 2-2: SOLO HOME RUN (Flyball, 7LD), Distance : 397 ft
|
Batting: RHB Tony Parker
|
0-0: Ball 1-0: Fly out, F8 (Flyball, 8LD)
|
Batting: LHB Héctor Soto
|
0-0: Called Strike 0-1: Ball 1-1: Called Strike 1-2: Foul Ball, location: 2F 1-2: Ball 2-2: DOUBLE (Line Drive, 9LM)
|
Pinch Hitting: RHB Will Lott
|
0-0: Intentional Walk
|
Pinch Runner at 2nd Claudio Morán:
|
|
Batting: RHB Jesse McKnight
|
0-0: Called Strike 0-1: Foul Ball, location: 2F 0-2: Ball 1-2: Foul Ball, location: 2F 1-2: Fly out, F8 (Flyball, 8LM)
|
Batting: SHB Waylon Adams
|
0-0: Swinging Strike 0-1: Ball 1-1: Swinging Strike 1-2: Strikes out swinging
|
Top of the 7th over - 1 run(s), 2 hit(s), 0 error(s), 2 left on base; West Virginia 1 - BlackIron 0 |
BOTTOM OF THE 7TH |
BlackIron Dragons batting - Pitching for West Virginia Power : LHP Ricardo Guichardo
|
Now at SS: Claudio Morán
|
|
Now in LF: Lúcio Anaya
|
|
Now in RF: José González
|
|
Batting: RHB Doug O'Brien
|
0-0: Swinging Strike 0-1: Called Strike 0-2: Fly out, F8 (Line Drive, 8LD)
|
Batting: RHB Felipe Jareño
|
0-0: Called Strike 0-1: DOUBLE (Flyball, 89D)
|
Pinch Hitting: RHB Eddie Shirley
|
0-0: Called Strike 0-1: Foul Ball, location: 2F 0-2: Foul Ball, location: 2F 0-2: Strikes out swinging
|
Batting: LHB Manuel Cardenas
|
0-0: Called Strike 0-1: SINGLE (Flyball, 7S) Felipe Jareño to third Runner from 3rd tries for Home, SAFE, throw made home Manuel Cardenas to second
|
Pinch Hitting: LHB Chris Waggoner
|
0-0: Ball 1-0: Foul Ball, location: 2F 1-1: Ground out 4-3 (Groundball, 4)
|
Bottom of the 7th over - 1 run(s), 2 hit(s), 0 error(s), 1 left on base; West Virginia 1 - BlackIron 1 |
TOP OF THE 8TH |
West Virginia Power batting - Pitching for BlackIron Dragons : LHP Ricardo Vega
|
Now at 1B: Chris Waggoner
|
|
Now in CF: Eddie Shirley
|
|
Batting: SHB Clint Woods
|
0-0: Ball 1-0: Called Strike 1-1: Foul Ball, location: 2F 1-2: Foul Ball, location: 2F 1-2: Fly out, F9 (Flyball, 9LM)
|
Batting: LHB Júlio Martínez
|
0-0: Ball 1-0: Ball 2-0: Called Strike 2-1: SINGLE (Groundball, 4MD)
|
Pitching: RHP Juan Gutiérrez
|
|
Batting: RHB Brett Bell
|
0-0: Ball Júlio Martínez is caught stealing 2nd base 1-0: Ball 2-0: Ground out 5-3 (Groundball, 5L)
|
Top of the 8th over - 0 run(s), 1 hit(s), 0 error(s), 0 left on base; West Virginia 1 - BlackIron 1 |
BOTTOM OF THE 8TH |
BlackIron Dragons batting - Pitching for West Virginia Power : LHP Ricardo Guichardo
|
Batting: RHB Eugene Payne
|
0-0: Ball 1-0: Called Strike 1-1: Foul Ball, location: 2F 1-2: Strikes out swinging
|
Pinch Hitting: RHB Juan Gonzáles
|
0-0: Called Strike 0-1: Ball 1-1: Called Strike 1-2: Foul Ball, location: 2F 1-2: Foul Ball, location: 2F 1-2: SINGLE (Groundball, 6MD)
|
Pitching: RHP Steve Snyder
|
|
Pinch Hitting: LHB Terry Simpson
|
0-0: Ball 1-0: Called Strike 1-1: Ball 2-1: Fly out, F9 (Line Drive, 9LM)
|
Pitching: LHP Edmond Summers
|
|
Batting: LHB Culley Vaughan
|
0-0: Ball 1-0: DOUBLE (Line Drive, 9LM) Juan Gonzáles to third Runner from 3rd tries for Home, SAFE, no throw
|
Pitching: RHP Mark Osborne
|
|
Batting: RHB Doug O'Brien
|
0-0: Fly out, F7 (Flyball, 78D)
|
Bottom of the 8th over - 1 run(s), 2 hit(s), 0 error(s), 1 left on base; West Virginia 1 - BlackIron 2 |
TOP OF THE 9TH |
West Virginia Power batting - Pitching for BlackIron Dragons : RHP Juan Gutiérrez
|
Now at 2B: Juan Gonzáles
|
|
Now in LF: Terry Simpson
|
|
Batting: LHB Lúcio Anaya
|
0-0: Called Strike 0-1: Ball 1-1: Called Strike 1-2: SINGLE (Groundball, 34D)
|
Batting: RHB Tony Parker
|
0-0: Foul Ball, location: 2F 0-1: Foul Ball, location: 2F 0-2: Strikes out swinging
|
Batting: SHB Claudio Morán
|
0-0: Ball 1-0: Ball 2-0: Called Strike 2-1: Foul Ball, location: 2F 2-2: Ball 3-2: Foul Ball, location: 2F 3-2: Base on Balls Lúcio Anaya to second
|
Batting: LHB José González
|
0-0: SINGLE (Groundball, 34D) Lúcio Anaya to third Claudio Morán to second Runner from 3rd tries for Home, SAFE, no throw
|
Batting: RHB Jesse McKnight
|
0-0: SINGLE (Line Drive, 89S) Claudio Morán to third José González to second Runner from 3rd tries for Home, SAFE, no throw
|
Pinch Runner at 2nd Jesse Moore:
|
|
Batting: SHB Waylon Adams
|
0-0: Called Strike 0-1: Foul Ball, location: 2F 0-2: Fly out, F7 (Flyball, 78S)
|
Batting: SHB Clint Woods
|
0-0: Ball 1-0: Ball 2-0: Ball 3-0: Base on Balls Jesse Moore to third Jesse McKnight to second
|
Batting: LHB Júlio Martínez
|
0-0: Fielders Choice at 2nd, 4-6 (Groundball, 4)
|
Top of the 9th over - 2 run(s), 3 hit(s), 0 error(s), 2 left on base; West Virginia 3 - BlackIron 2 |
BOTTOM OF THE 9TH |
BlackIron Dragons batting - Pitching for West Virginia Power : RHP Mark Osborne
|
Pitching: RHP Germán Hernández
|
|
Now at 3B: Jesse Moore
|
|
Batting: RHB Felipe Jareño
|
0-0: Ball 1-0: Foul Ball, location: 2F 1-1: Called Strike 1-2: Foul Ball, location: 2F 1-2: Foul Ball, location: 2F 1-2: Foul Ball, location: 2F 1-2: Ball 2-2: Ball 3-2: Base on Balls
|
Pinch Runner at 1st Preston MacLyan:
|
|
Pinch Hitting: LHB Miguel Barrón
|
0-0: Ball 1-0: Ball 2-0: Ball 3-0: Called Strike 3-1: Base on Balls Preston MacLyan to second
|
Batting: LHB Manuel Cardenas
|
0-0: Called Strike 0-1: Sac Bunt - play at first, batter OUT! 5-3 Preston MacLyan to third Miguel Barrón to second
|
Batting: LHB Chris Waggoner
|
0-0: Ball 1-0: Ball 2-0: Ball 3-0: Base on Balls
|
Pinch Hitting: LHB Pedro Rodríguez
|
0-0: Ball 1-0: Called Strike 1-1: Ball 2-1: SINGLE (Flyball, 78S) Preston MacLyan scores Miguel Barrón to third Chris Waggoner to second Runner from 3rd tries for Home, throw and OUT!
|
Batting: RHB Juan Gonzáles
|
0-0: Ball 1-0: Called Strike 1-1: Ball 2-1: Swinging Strike 2-2: Foul Ball, location: 2F 2-2: Ball 3-2: Fly out, F9 (Flyball, 89M)
|
Bottom of the 9th over - 1 run(s), 1 hit(s), 0 error(s), 2 left on base; West Virginia 3 - BlackIron 3 |
TOP OF THE 10TH |
West Virginia Power batting - Pitching for BlackIron Dragons : RHP Juan Gutiérrez
|
Now at C: António Romo
|
|
Now at 2B: Preston MacLyan
|
|
Now in CF: Miguel Barrón
|
|
Batting: RHB Brett Bell
|
0-0: Ball 1-0: Ball 2-0: Foul Ball, location: 2F 2-1: Foul Ball, location: 2F 2-2: Ball 3-2: Base on Balls
|
Pitching: LHP Ben Newman
|
|
Pinch Hitting: RHB Lance Wolf
|
0-0: Called Strike 0-1: Foul Ball, location: 2F 0-2: Strikes out swinging
|
Batting: RHB Tony Parker
|
0-0: Swinging Strike 0-1: Ball 1-1: Swinging Strike 1-2: Strikes out swinging
|
Batting: SHB Claudio Morán
|
0-0: Called Strike 0-1: Ball 1-1: Ball 2-1: Ball 3-1: Foul Ball, location: 2F 3-2: Base on Balls Brett Bell to second
|
Batting: RHB Jesse Moore
|
0-0: Called Strike 0-1: Fly out, F9 (Flyball, 9LMF)
|
Top of the 10th over - 0 run(s), 0 hit(s), 0 error(s), 2 left on base; West Virginia 3 - BlackIron 3 |
BOTTOM OF THE 10TH |
BlackIron Dragons batting - Pitching for West Virginia Power : RHP Germán Hernández
|
Now in RF: Lance Wolf
|
|
Batting: LHB Terry Simpson
|
0-0: Ball 1-0: Ball 2-0: Foul Ball, location: 2F 2-1: Foul Ball, location: 2F 2-2: Ball 3-2: SOLO HOME RUN (Flyball, 78XD), Distance : 424 ft
|
Thursday, March 30th, 2017 - OOTP Baseball 17.12 Build 75
|
|